[ AOE2 MATCH · #488933031 ]
UnrankedMagyars vs Franks
Player's team · WIN
Rival team · LOSS
[ REPLAY ANALYSIS · EXTRACTED FROM THE RECORDED GAME ]
Feudal
8:52
Castle
20:53
Imperial
—
| APM avg | 79.9 |
| APM peak | 110 |
| eAPM avg | 44.9 |
| Villagers / military | 151 / 61 |
Focus
⚔️ 51.1% · 🌾 48.9%
Archer ×20 · Skirmisher ×16 · Cavalry Archer ×13 · Scout Cavalry ×4 · Mangonel ×3 · Magyar Huszar ×2
Feudal
8:51
Castle
23:01
Imperial
—
| APM avg | 82.8 |
| APM peak | 130 |
| eAPM avg | 34.3 |
| Villagers / military | 161 / 84 |
Focus
⚔️ 38.6% · 🌾 61.4%
Archer ×23 · Knight ×23 · Cavalry Archer ×19 · Scout Cavalry ×6 · Militia ×3 · Mangonel ×3
Match map
Initial resources + every placement click. Lines = walls · curves = elevation contours. ◆ gold · ⬟ stone · ● berries · ✦ relic · ◌ wall gap
Your base· Open — unwalled flank
MING's base· ✓ Closed at 23:01 · 20t walls · 3 gate(s)
Smoothed initial terrain · ◌ = detected wall gap · hover for details
Inputs per minute
— TAG_Sitaux - - MING
Build order — TAG_Sitaux
First 150 of 340 actions detected
| 0:00 | Create | Villager (Male) |
| 0:01 | Build | House |
| 0:02 | Build | House |
| 0:03 | Create | Villager (Male) |
| 0:06 | Create | Villager (Male) |
| 0:08 | Create | Villager (Male) |
| 0:09 | Create | Villager (Male) |
| 1:27 | Create | Villager (Male) |
| 1:27 | Create | Villager (Male) |
| 1:51 | Create | Villager (Male) |
| 1:51 | Create | Villager (Male) |
| 1:57 | Build | Mill |
| 2:13 | Create | Villager (Male) |
| 2:44 | Create | Villager (Male) |
| 2:44 | Create | Villager (Male) |
| 2:58 | Create | Villager (Male) |
| 2:59 | Create | Villager (Male) |
| 3:31 | Create | Villager (Male) |
| 3:33 | Create | Villager (Male) |
| 4:02 | Create | Villager (Male) |
| 4:15 | Create | Villager (Male) |
| 4:15 | Create | Villager (Male) |
| 4:20 | Build | House |
| 4:41 | Create | Villager (Male) |
| 4:52 | Build | Lumber Camp |
| 4:59 | Create | Villager (Male) |
| 5:06 | Create | Villager (Male) |
| 5:56 | Research | Loom |
| 5:56 | Research | Loom |
| 6:41 | Research | Feudal Age |
| 6:41 | Research | Feudal Age |
| 7:41 | Build | Barracks |
| 7:57 | Build | Palisade Wall |
| 7:59 | Build | Palisade Wall |
| 8:01 | Build | House |
| 8:02 | Build | Palisade Wall |
| 8:15 | Create | Villager (Male) |
| 8:52 | Age | Feudal Age |
| 8:57 | Build | Stable |
| 9:09 | Create | Villager (Male) |
| 9:15 | Build | House |
| 9:23 | Research | Double-Bit Axe |
| 9:23 | Research | Double-Bit Axe |
| 9:33 | Create | Villager (Male) |
| 9:38 | Create | Scout Cavalry |
| 9:43 | Build | Farm |
| 9:46 | Create | Scout Cavalry |
| 9:55 | Create | Villager (Male) |
| 9:59 | Build | Farm |
| 10:02 | Create | Villager (Male) |
| 10:19 | Build | Farm |
| 10:22 | Create | Scout Cavalry |
| 10:35 | Build | Farm |
| 10:43 | Build | Farm |
| 10:47 | Create | Scout Cavalry |
| 10:59 | Create | Villager (Male) |
| 10:59 | Create | Villager (Male) |
| 10:59 | Create | Villager (Male) |
| 11:04 | Build | Farm |
| 11:06 | Build | House |
| 11:07 | Build | House |
| 11:25 | Build | Farm |
| 11:27 | Build | Farm |
| 11:28 | Create | Villager (Male) |
| 11:39 | Build | Farm |
| 11:57 | Create | Villager (Male) |
| 12:10 | Build | Archery Range |
| 12:18 | Create | Villager (Male) |
| 12:18 | Create | Villager (Male) |
| 12:23 | Build | Farm |
| 12:34 | Build | House |
| 12:35 | Build | House |
| 12:40 | Research | Horse Collar |
| 12:40 | Research | Horse Collar |
| 12:52 | Create | Villager (Male) |
| 12:52 | Create | Villager (Male) |
| 12:53 | Build | Farm |
| 13:13 | Create | Skirmisher |
| 13:15 | Build | Farm |
| 13:17 | Build | Farm |
| 13:21 | Create | Villager (Male) |
| 13:22 | Create | Villager (Male) |
| 13:29 | Build | Farm |
| 13:36 | Create | Skirmisher |
| 13:41 | Create | Villager (Male) |
| 13:41 | Create | Villager (Male) |
| 13:43 | Build | Palisade Wall |
| 14:01 | Create | Skirmisher |
| 14:10 | Create | Villager (Male) |
| 14:22 | Build | Mining Camp |
| 14:24 | Create | Villager (Male) |
| 14:26 | Create | Skirmisher |
| 14:41 | Build | Farm |
| 14:56 | Create | Villager (Male) |
| 15:00 | Create | Spearman |
| 15:09 | Create | Villager (Male) |
| 15:29 | Create | Villager (Male) |
| 15:47 | Build | Farm |
| 15:49 | Build | Farm |
| 15:53 | Research | Wheelbarrow |
| 16:07 | Build | Blacksmith |
| 16:07 | Build | Palisade Wall |
| 16:14 | Create | Archer |
| 16:19 | Build | Farm |
| 16:53 | Create | Villager (Male) |
| 17:03 | Create | Archer |
| 17:14 | Build | House |
| 17:35 | Create | Villager (Male) |
| 17:42 | Build | Archery Range |
| 17:45 | Create | Archer |
| 18:01 | Create | Archer |
| 18:13 | Research | Castle Age |
| 18:13 | Research | Castle Age |
| 18:13 | Research | Castle Age |
| 18:35 | Create | Archer |
| 18:45 | Research | Fletching |
| 18:45 | Research | Fletching |
| 19:00 | Create | Archer |
| 19:07 | Research | Padded Archer Armor |
| 19:08 | Create | Archer |
| 19:23 | Build | Lumber Camp |
| 19:27 | Create | Archer |
| 19:56 | Create | Archer |
| 20:49 | Create | Villager (Male) |
| 20:53 | Age | Castle Age |
| 20:56 | Research | Crossbowman (upgrade) |
| 20:57 | Research | Crossbowman (upgrade) |
| 20:57 | Research | Bodkin Arrow |
| 20:57 | Research | Bodkin Arrow |
| 21:01 | Research | Bow Saw |
| 21:01 | Research | Bow Saw |
| 21:10 | Create | Villager (Male) |
| 21:17 | Create | Archer |
| 21:24 | Create | Villager (Male) |
| 21:28 | Build | Town Center |
| 21:37 | Create | Villager (Male) |
| 21:37 | Create | Archer |
| 21:48 | Create | Villager (Male) |
| 21:59 | Build | Town Center |
| 22:00 | Create | Archer |
| 22:17 | Build | Palisade Gate |
| 22:18 | Build | Palisade Gate |
| 22:20 | Build | House |
| 22:21 | Build | Palisade Wall |
| 22:25 | Build | Palisade Gate |
| 22:26 | Build | Palisade Wall |
| 22:27 | Build | Palisade Wall |
| 22:28 | Create | Villager (Male) |
| 22:33 | Build | Palisade Gate |
| 22:35 | Create | Villager (Male) |
Build order — MING
First 150 of 357 actions detected
| 0:00 | Create | Villager (Male) |
| 0:00 | Create | Villager (Male) |
| 0:00 | Create | Villager (Male) |
| 0:01 | Create | Villager (Male) |
| 0:01 | Create | Villager (Male) |
| 0:01 | Create | Villager (Male) |
| 0:02 | Build | House |
| 0:04 | Build | House |
| 1:24 | Create | Villager (Male) |
| 1:24 | Create | Villager (Male) |
| 1:24 | Create | Villager (Male) |
| 2:01 | Create | Villager (Male) |
| 2:01 | Create | Villager (Male) |
| 2:01 | Create | Villager (Male) |
| 2:01 | Create | Villager (Male) |
| 2:01 | Create | Villager (Male) |
| 2:01 | Create | Villager (Male) |
| 2:16 | Create | Villager (Male) |
| 2:16 | Create | Villager (Male) |
| 2:16 | Create | Villager (Male) |
| 2:26 | Build | Lumber Camp |
| 2:47 | Create | Villager (Male) |
| 2:48 | Create | Villager (Male) |
| 2:48 | Create | Villager (Male) |
| 2:48 | Create | Villager (Male) |
| 3:07 | Create | Villager (Male) |
| 3:07 | Create | Villager (Male) |
| 3:07 | Create | Villager (Male) |
| 3:40 | Build | House |
| 3:43 | Create | Villager (Male) |
| 3:43 | Create | Villager (Male) |
| 3:43 | Create | Villager (Male) |
| 3:43 | Create | Villager (Male) |
| 4:20 | Create | Villager (Male) |
| 4:20 | Create | Villager (Male) |
| 4:20 | Create | Villager (Male) |
| 4:47 | Create | Villager (Male) |
| 4:47 | Create | Villager (Male) |
| 4:47 | Create | Villager (Male) |
| 5:17 | Create | Villager (Male) |
| 5:32 | Build | Barracks |
| 6:09 | Build | House |
| 6:12 | Research | Loom |
| 6:12 | Research | Loom |
| 6:41 | Research | Feudal Age |
| 6:41 | Research | Feudal Age |
| 6:58 | Create | Militia |
| 7:13 | Build | Mining Camp |
| 7:21 | Create | Militia |
| 7:45 | Create | Militia |
| 8:17 | Build | Mill |
| 8:38 | Build | House |
| 8:46 | Create | Villager (Male) |
| 8:51 | Age | Feudal Age |
| 9:15 | Create | Villager (Male) |
| 9:21 | Build | Farm |
| 9:23 | Build | Farm |
| 9:33 | Create | Villager (Male) |
| 9:34 | Build | Farm |
| 9:42 | Create | Spearman |
| 10:05 | Create | Villager (Male) |
| 10:08 | Build | Palisade Wall |
| 10:18 | Build | Palisade Wall |
| 10:18 | Build | Palisade Wall |
| 10:22 | Build | Palisade Wall |
| 10:24 | Create | Villager (Male) |
| 10:28 | Create | Spearman |
| 10:37 | Build | House |
| 10:46 | Create | Villager (Male) |
| 10:55 | Build | House |
| 11:02 | Create | Villager (Male) |
| 11:18 | Create | Villager (Male) |
| 11:18 | Create | Villager (Male) |
| 11:19 | Create | Villager (Male) |
| 11:37 | Build | Archery Range |
| 11:42 | Build | House |
| 11:47 | Research | Double-Bit Axe |
| 11:48 | Research | Double-Bit Axe |
| 12:06 | Create | Villager (Male) |
| 12:08 | Build | Farm |
| 12:15 | Build | House |
| 12:23 | Create | Archer |
| 12:27 | Create | Villager (Male) |
| 12:39 | Build | Farm |
| 12:49 | Create | Archer |
| 12:51 | Create | Spearman |
| 13:06 | Create | Villager (Male) |
| 13:06 | Create | Villager (Male) |
| 13:06 | Create | Villager (Male) |
| 13:09 | Create | Archer |
| 13:12 | Build | Farm |
| 13:23 | Build | Farm |
| 13:25 | Build | Farm |
| 13:30 | Create | Villager (Male) |
| 13:48 | Build | Farm |
| 13:49 | Build | Farm |
| 13:51 | Create | Villager (Male) |
| 14:11 | Create | Villager (Male) |
| 14:13 | Build | Blacksmith |
| 14:21 | Create | Archer |
| 14:25 | Create | Villager (Male) |
| 14:44 | Create | Villager (Male) |
| 14:48 | Build | Stable |
| 14:58 | Create | Villager (Male) |
| 15:00 | Create | Archer |
| 15:11 | Create | Villager (Male) |
| 15:26 | Research | Fletching |
| 15:28 | Create | Villager (Male) |
| 15:31 | Build | Farm |
| 15:33 | Build | Lumber Camp |
| 15:40 | Create | Scout Cavalry |
| 15:45 | Build | Palisade Gate |
| 15:46 | Build | Palisade Wall |
| 15:48 | Create | Villager (Male) |
| 15:56 | Build | Farm |
| 16:06 | Create | Scout Cavalry |
| 16:16 | Create | Archer |
| 16:21 | Create | Villager (Male) |
| 16:21 | Create | Villager (Male) |
| 16:21 | Create | Villager (Male) |
| 16:35 | Build | Farm |
| 16:37 | Build | Farm |
| 16:39 | Build | Farm |
| 16:41 | Build | Farm |
| 16:48 | Create | Archer |
| 16:51 | Create | Scout Cavalry |
| 16:57 | Build | House |
| 16:58 | Build | House |
| 17:12 | Create | Villager (Male) |
| 17:25 | Create | Scout Cavalry |
| 17:28 | Create | Archer |
| 17:38 | Build | Farm |
| 17:41 | Build | Farm |
| 17:58 | Create | Villager (Male) |
| 18:00 | Build | Farm |
| 18:01 | Build | Farm |
| 18:19 | Create | Archer |
| 18:22 | Create | Villager (Male) |
| 18:29 | Create | Scout Cavalry |
| 18:41 | Build | Market |
| 18:46 | Create | Villager (Male) |
| 18:48 | Create | Archer |
| 18:59 | Create | Scout Cavalry |
| 19:11 | Create | Villager (Male) |
| 19:19 | Build | House |
| 19:36 | Create | Archer |
| 19:38 | Create | Villager (Male) |
| 19:38 | Create | Villager (Male) |
| 19:38 | Create | Villager (Male) |
| 20:21 | Research | Castle Age |
Match timeline
| 5:32 | MING · first_building Barracks |
| 7:41 | TAG_Sitaux · first_building Barracks |
| 7:57 | TAG_Sitaux · wall_segment Palisade Wall x1 |
| 7:59 | TAG_Sitaux · wall_segment Palisade Wall x1 |
| 8:02 | TAG_Sitaux · wall_segment Palisade Wall x4 |
| 8:51 | MING · age_up feudal |
| 8:52 | TAG_Sitaux · age_up feudal |
| 8:57 | TAG_Sitaux · first_building Stable |
| 10:08 | MING · wall_segment Palisade Wall x8 |
| 10:18 | MING · wall_segment Palisade Wall x1 |
| 10:18 | MING · wall_segment Palisade Wall x1 |
| 10:22 | MING · wall_segment Palisade Wall x6 |
| 11:37 | MING · first_building Archery Range |
| 12:10 | TAG_Sitaux · first_building Archery Range |
| 13:43 | TAG_Sitaux · wall_segment Palisade Wall x12 |
| 14:48 | MING · first_building Stable |
| 15:46 | MING · wall_segment Palisade Wall x1 |
| 16:07 | TAG_Sitaux · wall_segment Palisade Wall x1 |
| 19:53 | MING · first_market_sell 100 stone |
| 19:55 | MING · first_market_buy 100 food |
| 20:53 | TAG_Sitaux · age_up castle |
| 21:49 | MING · wall_segment Palisade Wall x3 |
| 22:21 | TAG_Sitaux · wall_segment Palisade Wall x1 |
| 22:26 | TAG_Sitaux · wall_segment Palisade Wall x1 |
| 22:27 | TAG_Sitaux · wall_segment Palisade Wall x1 |
| 23:01 | MING · age_up castle |
| 23:32 | TAG_Sitaux · first_building Siege Workshop |
| 25:08 | MING · first_building Siege Workshop |
| 28:35 | MING · first_building Monastery |
| 32:56 | MING · first_building Castle |
| 33:00 | TAG_Sitaux · first_building Castle |
| 33:11 | TAG_Sitaux · wall_segment Stone Wall x2 |
| 33:14 | TAG_Sitaux · wall_segment Stone Wall x1 |
| 34:28 | MING · resign |
[ AI ANALYSIS · 1 CREDIT ]
What really happened in this match?
Wolo.gg analyzes every decision: build order, eco, micro, common mistakes by bracket. Personalized analysis on WhatsApp or Discord in 30 seconds.
Civ guide
Magyars
Perfil
Sitaux (TAG_Sitaux)